 Dungeon Crawl Stone Soup version 0.31-a0-331-geda263fcf1 (webtiles) character file.

Game seed: 9289825310661028923

2068987 Midn8 the Slayer (level 26, 261/261 HPs)
             Began as a Grey Draconian Shapeshifter on July 19, 2023.
             Was the Champion of Okawaru.
             Escaped with the Orb
             ... and 3 runes!
             The game lasted 03:17:53 (45902 turns).

Midn8 the Slayer (Grey Draconian Shapeshifter)     Turns: 45902, Time: 03:17:53

Health: 261/261    AC: 31    Str: 26    XL:     26   Next: 1%
Magic:  29/29      EV: 23    Int: 11    God:    Okawaru [******]
Gold:   6823       SH: 25    Dex: 24    Spells: 25/25 levels left

rFire   + .          .
                       - Unarmed
rCold   + . .        z - +2 tower shield "Vimitodo" {Int+3 Dex+3}
rNeg    . . .        (body armour unavailable)
rPois   +            R - +4 hat of Beloved Awe {Stlth+}
rElec   .            Z - +2 cloak {rPois}
rCorr   .            W - +1 pair of gloves "Debleit" {+Inv rC+ Int-3 Slay+3}
SInv    .            a - +4 pair of boots of the Northern Lights {Will+ Str-2 Dex+2}
Will    ++++.        O - amulet of regeneration
Stlth   +            v - ring of Zumek {rF+ Will+}
HPRegen 1.43/turn    e - +6 ring of strength
MPRegen 0.21/turn

%: no passive effects
@: maw-form, flying, studying Unarmed Combat
A: devouring maw, flying, AC +17, amphibious, unfitting armour, cold-blooded,
big wings, deterioration 1, strong-willed 1, strong 1
0: Orb of Zot
}: 3/15 runes: barnacled, silver, gossamer
a: Begin Untransformation, Renounce Religion, Evoke Invisibility, Heroism,
Finesse, Duel


You escaped.
You worshipped Okawaru.
Okawaru was exalted by your worship.
You were a creature with a mouth for a stomach.
You visited 9 branches of the dungeon, and saw 47 of its levels.

You collected 6823 gold pieces.

Inventory:

Missiles
 g - 3 datura-tipped darts
 o - 107 poisoned darts
 t - 35 boomerangs
 u - 26 atropa-tipped darts
 y - 10 silver javelins
 B - 8 throwing nets
 T - 16 curare-tipped darts (quivered)
 V - 24 javelins
Armour
 a - the +4 pair of boots of the Northern Lights (worn) {Will+ Str-2 Dex+2}
   (Okawaru gifted it to you on level 14 of the Dungeon)

   Str:       It affects your strength (-2).
   Dex:       It affects your dexterity (+2).
   Will:      It increases your willpower.
 z - the +2 tower shield "Vimitodo" (worn) {Int+3 Dex+3}
   (Okawaru gifted it to you on level 2 of the Elven Halls)

   Int:       It affects your intelligence (+3).
   Dex:       It affects your dexterity (+3).
 R - the +4 hat of Beloved Awe (worn) {Stlth+}
   (Okawaru gifted it to you on level 8 of the Dungeon)

   Stlth:     It makes you more stealthy.
 W - the +1 pair of gloves "Debleit" (worn) {+Inv rC+ Int-3 Slay+3}
   (Okawaru gifted it to you on level 2 of the Lair of Beasts)

   Int:       It affects your intelligence (-3).
   Slay:      It affects your accuracy & damage with ranged weapons and melee
   (+3).
   rC:        It protects you from cold.
   +Inv:      It lets you turn invisible.
 Z - a +2 cloak of poison resistance (worn)
Jewellery
 e - a +6 ring of strength (right hand)
 f - a +4 ring of protection
 v - the ring of Zumek (left hand) {rF+ Will+}
   (You found it on level 3 of the Elven Halls)

   [ring of protection from fire]

   rF:        It protects you from fire.
   Will:      It increases your willpower.
 O - an amulet of regeneration (around neck)
Talismans
 P - a granite talisman
Wands
 c - a wand of paralysis (62)
 i - a wand of roots (61)
 n - a wand of mindburst (49)
 C - a wand of quicksilver (47)
 H - a wand of polymorph (18)
 K - a wand of flame (71)
 M - a wand of digging (17)
Scrolls
 h - 17 scrolls of teleportation
 j - 8 scrolls of poison
 q - 6 scrolls of amnesia
 r - 6 scrolls of blinking
 s - 3 scrolls of brand weapon
 J - 7 scrolls of fear
 U - 8 scrolls of fog
 X - 4 scrolls of silence
Potions
 d - 20 potions of curing
 k - 9 potions of mutation
 m - 16 potions of might
 p - 7 potions of enlightenment
 w - 2 potions of invisibility
 x - 11 potions of heal wounds
 A - 3 potions of lignification
 E - 2 potions of cancellation
 F - 2 potions of berserk rage
 G - 6 potions of ambrosia
 I - 5 potions of haste
 L - 4 potions of resistance
 Q - 3 potions of magic
Miscellaneous
 l - a piece from Xom's chessboard (15/15)
 D - a lightning rod (4/4)
 N - a tin of tremorstones (2/2)
 S - a phial of floods


   Skills:
 + Level 26.2 Fighting
 - Level 14.0 Throwing
 - Level 13.1 Dodging
 - Level 18.3 Shields
 - Level 23.6 Unarmed Combat
 - Level 8.8 Invocations
 - Level 10.0 Evocations
 - Level 12.0 Shapeshifting


You had 25 spell levels left.
You didn't know any spells.
Your spell library contained the following spells:

 Spells                   Type           Power      Damage    Failure   Level
 Kiss of Death            Conj/Necr      0%         2d5       54%         1
 Necrotise                Necr           0%         1d4       54%         1
 Cigotuvi's Dreadful Rot  Necr/Pois/Air  0%         N/A       67%         2
 Ensorcelled Hibernation  Hex/Ice        0%         N/A       67%         2
 Static Discharge         Conj/Air       0%         2-2/arc   67%         2
 Sublimation of Blood     Necr           0%         N/A       67%         2
 Wereblood                Tmut           0%         N/A       67%         2
 Confusing Touch          Hex            0%         N/A       88%         3
 Dazzling Flash           Conj/Hex       0%         N/A       88%         3
 Gell's Gravitas          Tloc           0%         N/A       88%         3
 Inner Flame              Hex/Fire       0%         N/A       88%         3
 Mephitic Cloud           Conj/Pois/Air  0%         N/A       88%         3
 Ozocubu's Armour         Ice            0%         N/A       88%         3
 Portal Projectile        Hex/Tloc       0%         N/A       88%         3
 Teleport Other           Tloc           0%         N/A       88%         3
 Vampiric Draining        Necr           0%         2d6       88%         3
 Airstrike                Air            0%         2d(0-16)  99%         4
 Anguish                  Hex/Necr       0%         N/A       99%         4
 Dispel Undead            Necr           0%         3d6       99%         4
 Flame Wave               Conj/Fire      0%         2d4       99%         4
 Iskenderun's Mystic Bla  Conj/Tloc      0%         2d3       99%         4
 Leda's Liquefaction      Hex/Erth       0%         N/A       99%         4
 Passage of Golubria      Tloc           0%         N/A       99%         4
 Petrify                  Tmut/Erth      0%         N/A       99%         4
 Sticky Flame             Conj/Fire      0%         2d3       99%         4
 Agony                    Necr           0%         N/A       100%        5
 Alistair's Intoxication  Tmut/Pois      0%         N/A       100%        5
 Arcjolt                  Conj/Air       0%         1d10      100%        5
 Borgnjor's Vile Clutch   Necr/Erth      0%         N/A       100%        5
 Irradiate                Conj/Tmut      0%         3d11      100%        5
 Lee's Rapid Deconstruct  Erth           0%         3d4*      100%        5
 Silence                  Hex/Air        0%         N/A       100%        5
 Yara's Violent Unravell  Hex/Tmut       0%         3d3       100%        5
 Dispersal                Tloc           0%         N/A       100%        6
 Eringya's Noxious Bog    Tmut/Pois      0%         4d6       100%        6
 Orb of Destruction       Conj           0%         9d5       100%        7
 Ozocubu's Refrigeration  Ice            0%         4d7       100%        7
 Chain Lightning          Conj/Air       0%         N/A       100%        9
 Fire Storm               Conj/Fire      0%         5d1       100%        9
 Shatter                  Erth           0%         3d5*      100%        9
 Call Canine Familiar     Summ           Unusable   N/A       N/A         3
 Summon Guardian Golem    Hex/Summ       Unusable   N/A       N/A         3
 Tukima's Dance           Hex            Unusable   N/A       N/A         3
 Animate Armour           Summ/Erth      Unusable   N/A       N/A         4
 Summon Lightning Spire   Summ/Air       Unusable   N/A       N/A         4
 Summon Forest            Summ/Tloc      Unusable   N/A       N/A         5
 Summon Mana Viper        Hex/Summ       Unusable   N/A       N/A         5
 Malign Gateway           Summ/Tloc      Unusable   N/A       N/A         7
 Spellforged Servitor     Conj/Summ      Unusable   N/A       N/A         7
 Summon Hydra             Summ           Unusable   N/A       N/A         7
 Summon Horrible Things   Summ           Unusable   N/A       N/A         8

Dungeon Overview and Level Annotations

Branches:
Dungeon (15/15)            Temple (0/1) D:4            Lair (5/5) D:11
 Shoals (4/4) Lair:2       Spider (4/4) Lair:2        Slime (0/5) Lair:4
    Orc (2/2) D:11            Elf (3/3) Orc:2        Vaults (5/5) D:14
  Crypt (0/3) Vaults:3     Depths (4/4) D:15            Zot (5/5) Depths:4

Altars:
Cheibriados
Dithmenos
Elyvilon
Fedhas
Gozag
Hepliaklqana
Kikubaaqudgha
Makhleb
Nemelex Xobeh
Okawaru
Qazlal
Ru
Sif Muna
Vehumet
Wu Jian
Xom
Yredelemnul
Zin
The Shining One
Jiyva

Shops:
D:13 (   D:14 *   Orc:2 (*=*   Vaults:3 *   Vaults:5 (   Depths:3 *

Portals:
Hell: Depths:1 Depths:2 Depths:3 Depths:4
Abyss: Depths:3
Pandemonium: Depths:2
Ziggurat: Depths:2

Annotations:
D:7 2 transporters, Gelion's ghost, novice TrSh
Spider:1 2 transporters, lmSkywalker's ghost, journeyman DrSh
Elf:2 3 runed translucent doors
Elf:3 1 exclusion
Zot:5 1 exclusion


Innate Abilities, Weirdness & Mutations

You are a creature with a mouth for a stomach.
Your midsection houses a second, enormous mouth.
You are flying.
Your dull iron-grey scales are very hard. (AC +17)
You are amphibious.
You cannot fit into any form of body armour.
You are cold-blooded and may be slowed by cold attacks.
Your large and strong wings let you fly.
Your body sometimes deteriorates upon taking damage.
You are strong-willed. (Will+)
Your muscles are strong. (Str +4, Int/Dex -1)


Message History

You fly upwards.
There is a stone staircase leading down here.
You reach down and open the door.
There is an open door here.
There is a stone staircase leading up here.
You fly upwards.
There is a stone staircase leading down here.
There is a stone staircase leading up here.
You fly upwards.
There is a stone staircase leading down here.
Things that are here:
a +0 ring mail; a +0 flail An ice devil comes into view.
There is a stone staircase leading up here.
You fly upwards.
There is a stone staircase leading down here.
(D) Dungeon (T) Temple (L) Lair (A) Shoals (N) Spider Nest (M) Slime Pits (O) Orcish Mines (E) Elven Halls (V) Vaults (C) Crypt (U) Depths (H) Hell (Z) Zot
Where to? (Enter - D:1 @ (x,y), ? - help)
There is a stone staircase leading up here.
You fly upwards.
There is a stone staircase leading down here.
An Orb Guardian comes into view.
There is an open door here.
An Orb Guardian opens the door.
The Orb Guardian attacks as you move away!
You block the Orb Guardian's attack.
You pound the Orb Guardian into fine dust!!!
Your tail-slap misses the Orb Guardian.
The Orb Guardian is heavily wounded.
You block the Orb Guardian's attack.
You punch the Orb Guardian! You tail-slap the Orb Guardian.
You bite the Orb Guardian!!
You kill the Orb Guardian!
Okawaru accepts your kill.
No target in view!
There is a staircase leading out of the dungeon here.
You have escaped!

#..........#########...#........
#..........#########.#..........
#..........##.....##............
#......#####.......#####........
#......# #+.........## #........
#......###...........###.......#
#......##.............#'.#......
#......##..............##.......
#..............W........'.......
#......##..............##.......
#......##.............###.......
#......###...........#####X.....
#.....## #'.........###.....##..
#....## ###.......'# #.........
#....##### ##.....### #.........
#........##############.........
#...........########........###.


There were no monsters in sight!

Vanquished Creatures
  2 dread liches
  An ancient lich (Vaults:5)
  4 orbs of fire (Zot:5)
  Sojobo (Depths:4)
  3 Killer Klowns (Zot:5)
  Xtahua (Vaults:4)
  A curse toe (Zot:5)
  5 golden dragons
  Jory (Vaults:4)
  2 bone dragons (Depths:4)
  Arachne (Spider:2)
  3 electric golems
  9 tentacled monstrosities
  Jorgrun (Elf:1)
  4 titans
  2 liches
  23 Orb Guardians
  Asterion (Elf:1)
  Rupert (D:12)
  2 deep elf master archers (Elf:3)
  4 quicksilver dragons
  2 deep elf blademasters (Elf:3)
  A kraken (Shoals:1)
  4 death cobs
  8 shadow dragons
  Frances (Shoals:1)
  2 sphinxes
  Kirke (Shoals:1)
  16 storm dragons
  The ghost of ragingrage the Brawler, a journeyman TrSh of Ru (Spider:2)
  Aizul (Spider:4)
  3 draconian monks
  9 tengu reavers
  10 fire giants
  3 frost giants
  Roxanne (Shoals:2)
  4 deep elf sorcerers
  3 iron dragons
  A draconian knight (Depths:4)
  The ghost of jejorda2 the Protected, a journeyman GnBe of Trog (D:14)
  8 emperor scorpions
  An orc warlord (Vaults:1)
  2 draconian scorchers
  A formless jellyfish (Vaults:2)
  2 draconian shifters
  16 vault wardens
  6 deep elf elementalists (Elf:3)
  15 ironbound preservers
  8 ghost moths
  A draconian stormcaller (Zot:1)
  15 very ugly things
  2 draconian annihilators
  15 stone giants
  A war gargoyle (Vaults:2)
  7 ironbound thunderhulks
  9 deep elf demonologists
  Nessos (D:14)
  3 vampire knights
  3 green draconians (Zot:1)
  Azrael (D:15)
  4 dire elephants (Vaults:4)
  2 black draconians
  3 white draconians
  8 yellow draconians
  3 deep elf annihilators (Elf:3)
  3 red draconians
  3 purple draconians
  9 ettins
  Josephine (D:15)
  2 crystal guardians
  12 merfolk impalers
  9 deep elf death magi
  9 merfolk javelineers
  5 deep elf high priests
  6 fire dragons
  13 yaktaur captains
  30 vault guards
  3 peacekeepers
  8 great orbs of eyes
  4 hydras
  11 ice dragons
  10 entropy weavers
  A hell beast (Depths:3)
  Erolcha (D:12)
  3 rakshasas
  5 merfolk avatars
  7 ogre magi
  8 ironbound frosthearts
  7 boulder beetles
  2 jorogumos
  11 centaur warriors
  14 two-headed ogres
  A catoblepas (Lair:3)
  4 spriggan air magi (Depths:2)
  3 radroaches
  6 tengu warriors
  6 merfolk aquamancers
  2 alligator snapping turtles (Shoals:4)
  2 satyrs
  5 deep troll earth magi
  4 orc high priests
  10 deep troll shamans
  4 death yaks
  A hell hog (Depths:3)
  22 dancing weapons
  A vampire mage (Depths:2)
  3 spriggan berserkers
  7 demonic crawlers
  A soul eater (Depths:3)
  18 deep elf knights
  7 hell knights
  4 skysharks
  2 fire crabs (Shoals:1)
  11 sea snakes
  A sixfirhy (D:12)
  A sun moth (Spider:1)
  Lodul (D:12)
  6 pharaoh ants
  3 goliath frogs (Lair:5)
  2 glowing orange brains
  8 skeletal warriors
  50 deep trolls
  13 iron trolls
  A shadow demon (Depths:1)
  An orb spider (shapeshifter) (Vaults:1)
  A deep troll (shapeshifter) (Depths:4)
  7 steelbarb worms
  8 wizards
  13 deep elf archers
  5 orb spiders
  8 phantasmal warriors
  5 lindwurms
  12 ironbound convokers
  A lindwurm (shapeshifter) (Vaults:5)
  2 orc knights (Vaults:1)
  12 harpies
  A shadow dragon zombie (Vaults:5)
  5 orc sorcerers
  A golden dragon skeleton (Vaults:5)
  28 deep elf zephyrmancers
  8 necromancers
  38 ugly things
  17 deep elf pyromancers
  An oklob plant (Lair:5)
  18 wolf spiders
  20 manticores
  9 fauns
  3 human zombies
  8 merfolk sirens
  19 moths of wrath
  7 cyclopes
  20 elephants
  Joseph (Lair:1)
  2 fire giant skeletons (Vaults:3)
  A black mamba (shapeshifter) (Elf:1)
  2 stone giant skeletons (Vaults:3)
  3 black mambas
  2 water nymphs (shapeshifter)
  A rust devil (Depths:2)
  2 eyes of devastation (shapeshifter)
  5 water nymphs
  22 vault sentinels
  2 centaur zombies (D:14)
  A smoke demon (D:15)
  4 gargoyles
  A kobold demonologist (D:9)
  21 cane toads
  6 torpor snails
  2 rime drakes (Shoals:2)
  9 komodo dragons
  38 yaktaurs
  A rime drake (shapeshifter) (Elf:3)
  3 tengu conjurers
  A yaktaur skeleton (Vaults:3)
  A meliai (Lair:2)
  A hellwing (D:15)
  14 wind drakes
  3 polar bears
  9 trolls
  A polar bear (shapeshifter) (Vaults:5)
  27 blink frogs
  34 merfolk
  A tengu simulacrum (Vaults:4)
  12 hornets
  23 tarantellas
  An ettin zombie (Vaults:2)
  A dream sheep (shapeshifter) (Depths:2)
  31 dream sheep
  27 jumping spiders
  10 snapping turtles
  32 slime creatures
  A centaur simulacrum (D:15)
  2 ettin skeletons (Vaults:3)
  19 culicivoras
  2 shadows
  25 water elementals
  3 wyverns
  5 wraiths
  10 air elementals
  A vampire (D:9)
  A human (shapeshifter) (Elf:2)
  2 fire bats (Shoals:1)
  58 yaks
  4 basilisks
  5 fire elementals
  Grum (D:8)
  2 basilisks (shapeshifter) (D:14)
  28 humans
  50 redbacks
  A redback (shapeshifter) (Vaults:5)
  A steam dragon (shapeshifter) (Depths:4)
  15 vampire mosquitoes
  5 steam dragons
  2 swamp worms (shapeshifter)
  3 wargs
  Menkaure (D:4)
  A glowing shapeshifter zombie (Vaults:4)
  A naga (shapeshifter) (Elf:2)
  An ogre zombie (Vaults:4)
  2 acid dragons
  Edmund (D:6)
  5 water moccasins
  3 floating eyes (shapeshifter)
  5 hell hounds (D:15)
  15 orc warriors
  A glowing shapeshifter skeleton (Vaults:3)
  2 ice beasts
  28 ogres
  A black bear (D:8)
  2 elephant zombies (Lair:4)
  32 wolves
  4 boggarts (D:15)
  15 centaurs
  13 bullfrogs
  13 kobold brigands
  2 komodo dragon zombies (Lair:4)
  A gnoll sergeant (D:6)
  6 scorpions
  4 earth elementals
  7 human skeletons
  6 wights (D:8)
  9 killer bees
  2 vampire bats (Lair:3)
  5 electric eels
  6 howler monkeys
  A human simulacrum (Vaults:2)
  A basilisk zombie (Lair:4)
  3 jellies (Lair:4)
  3 hounds
  4 orc priests
  2 sleepcaps (D:6)
  7 iguanas
  22 orc wizards
  16 gnolls
  8 adders
  A shadow imp (D:6)
  2 white imps
  2 ufetubi
  A worm (D:2)
  4 dart slugs
  89 orcs
  8 endoplasms
  3 giant cockroaches
  6 goblins
  5 hobgoblins
  8 jackals
  7 quokkas
  7 ball pythons
  8 bats
  8 frilled lizards
  12 kobolds
  4 rats
  A butterfly (Lair:5)
  2 tentacles (Shoals:1)
2009 creatures vanquished.

Vanquished Creatures (collateral kills)
  An emperor scorpion (Spider:3)
  A steelbarb worm (Spider:3)
  2 redbacks (Spider:3)
4 creatures vanquished.

Vanquished Creatures (others)
  A lindwurm (Vaults:4)
  A deep elf zephyrmancer (Elf:2)
  A wind drake (Shoals:2)
  3 tentacles (Shoals:1)
6 creatures vanquished.

Grand Total: 2019 creatures vanquished

Notes
Turn   | Place    | Note
-------+----------+-------------------------------------------
     0 | D:1      | Midn8 the Draconian Shapeshifter began the quest for the
                  | Orb.
     0 | D:1      | Reached XP level 1. HP: 17/17 MP: 1/1
    69 | D:1      | Reached XP level 2. HP: 22/24 MP: 2/2
   298 | D:1      | Reached XP level 3. HP: 18/29 MP: 3/3
   767 | D:2      | You fall into a shaft and drop 1 floor!
   767 | D:3      | Found an iron altar of Okawaru.
   778 | D:3      | Became a worshipper of Warmaster Okawaru
   816 | D:3      | Reached XP level 4. HP: 29/36 MP: 4/4
   888 | D:2      | Found a sparkling altar of Nemelex Xobeh.
  1285 | D:3      | Reached skill level 5 in Unarmed Combat
  1575 | D:3      | Found a faded altar of an unknown god.
  1711 | D:4      | Found a staircase to the Ecumenical Temple.
  1721 | D:4      | Reached XP level 5. HP: 41/41 MP: 5/5
  1767 | D:4      | Found a stormy altar of Qazlal.
  1928 | D:4      | Reached * piety under Okawaru
  1929 | D:4      | Reached skill level 1 in Invocations
  2045 | D:4      | Reached XP level 6. HP: 47/48 MP: 7/7
  2184 | D:4      | Noticed Menkaure
  2200 | D:4      | Killed Menkaure
  2349 | D:4      | Found a white marble altar of Elyvilon.
  2418 | D:4      | Found a basalt altar of Yredelemnul.
  2480 | D:4      | Found a sacrificial altar of Ru.
  2562 | D:5      | Entered Level 5 of the Dungeon
  2636 | D:5      | Identified the +0 ring mail "Qaezamui" {Int+3 Slay-4 SInv}
  2673 | D:5      | Reached skill level 3 in Fighting
  2878 | D:5      | Your scales start taking on a dull iron-grey colour.
  2878 | D:5      | Reached XP level 7. HP: 57/58 MP: 10/10
  3036 | D:5      | Found an opulent altar of Gozag.
  3051 | D:5      | Reached skill level 4 in Fighting
  3138 | D:5      | Reached ** piety under Okawaru
  3571 | D:6      | Found a snail-covered altar of Cheibriados.
  3578 | D:6      | Found an ancient bone altar of Kikubaaqudgha.
  3592 | D:6      | Noticed Edmund
  3612 | D:6      | Killed Edmund
  3613 | D:6      | Reached XP level 8. HP: 56/67 MP: 8/11
  3793 | D:6      | Found a shadowy altar of Dithmenos.
  3799 | D:6      | Reached skill level 5 in Fighting
  3873 | D:6      | Reached *** piety under Okawaru
  3874 | D:6      | Reached skill level 6 in Fighting
  4163 | D:6      | Found the +7 Throatcutter {drain, coup de grace}
  4211 | D:6      | Reached skill level 10 in Unarmed Combat
  4217 | D:6      | Reached XP level 9. HP: 61/77 MP: 12/12
  4399 | D:6      | Found a glowing golden altar of the Shining One.
  4719 | D:7      | Reached skill level 7 in Fighting
  4760 | D:7      | Found a transporter.
  4760 | D:7      | Noticed Gelion's ghost (novice TrSh)
  4806 | D:7      | Found a sparkling altar of Nemelex Xobeh.
  4986 | D:7      | Found a transporter.
  5031 | D:7      | Found a hazy altar of Hepliaklqana.
  5160 | D:7      | Reached skill level 8 in Fighting
  5421 | D:7      | Reached **** piety under Okawaru
  5422 | D:7      | Reached skill level 1 in Throwing
  5423 | D:7      | Found a shimmering blue altar of Sif Muna.
  5665 | D:8      | Reached skill level 5 in Invocations
  5765 | D:8      | Reached ***** piety under Okawaru
  5773 | D:8      | Received a gift from Okawaru
  5781 | D:8      | Reached XP level 10. HP: 73/88 MP: 15/15
  6035 | D:8      | Noticed Grum
  6047 | D:8      | Killed Grum
  6139 | D:8      | Found a glowing silver altar of Zin.
  6594 | D:9      | Noticed a sun demon
  6617 | D:8      | Identified the +4 hat of Beloved Awe {Stlth+} (Okawaru
                  | gifted it to you on level 8 of the Dungeon)
  6617 | D:8      | Received a gift from Okawaru
  6618 | D:8      | Reached skill level 5 in Dodging
  7033 | D:9      | Paralysed by a kobold for 5 turns
  7394 | D:9      | Paralysed by a hornet for 2 turns
  7604 | D:10     | Entered Level 10 of the Dungeon
  7622 | D:9      | Reached XP level 11. HP: 91/95 MP: 16/16
  7627 | D:9      | Reached skill level 9 in Fighting
  7947 | D:10     | Found a burning altar of Makhleb.
  7950 | D:10     | Noticed an Executioner
  8620 | D:10     | Reached skill level 10 in Fighting
  8885 | D:11     | Found a staircase to the Lair.
  8916 | D:11     | Received a gift from Okawaru
  9384 | D:11     | Found a staircase to the Orcish Mines.
  9509 | D:11     | Noticed a boulder beetle
  9529 | D:11     | Killed a boulder beetle
  9530 | D:11     | Reached skill level 5 in Throwing
  9671 | D:11     | Received a gift from Okawaru
  9718 | Lair:1   | Entered Level 1 of the Lair of Beasts
  9820 | D:11     | Reached XP level 12. HP: 92/106 MP: 17/17
  9862 | Lair:1   | Reached ****** piety under Okawaru
 10043 | Lair:1   | Received a gift from Okawaru
 10044 | Lair:1   | Reached skill level 11 in Fighting
 10252 | Lair:1   | Received a gift from Okawaru
 10292 | Lair:1   | Reached skill level 12 in Fighting
 10305 | Lair:1   | Noticed Joseph
 10317 | Lair:1   | Killed Joseph
 10354 | Lair:1   | Received a gift from Okawaru
 10908 | Lair:2   | Reached skill level 13 in Fighting
 11199 | Lair:2   | Identified the +1 pair of gloves "Debleit" {+Inv rC+ Int-3
                  | Slay+3} (Okawaru gifted it to you on level 2 of the Lair of
                  | Beasts)
 11199 | Lair:2   | Received a gift from Okawaru
 11262 | Lair:2   | Found a staircase to the Shoals.
 11311 | Lair:2   | Reached skill level 14 in Fighting
 11484 | Lair:2   | Found a hole to the Spider Nest.
 11583 | Lair:2   | Reached XP level 13. HP: 124/124 MP: 18/18
 12256 | Lair:3   | Received a gift from Okawaru
 12264 | Lair:3   | Reached skill level 15 in Unarmed Combat
 12838 | Lair:3   | Identified the +0 hat of the Constellations {rN++ Dex+4}
                  | (Okawaru gifted it to you on level 3 of the Lair of Beasts)
 12838 | Lair:3   | Received a gift from Okawaru
 12984 | Lair:4   | Reached skill level 1 in Evocations
 13489 | Lair:4   | Identified a scroll of acquirement
 13525 | Lair:4   | Reached skill level 5 in Evocations
 13594 | Lair:4   | Found a staircase to the Slime Pits.
 13601 | Lair:4   | Found a viscous altar of Jiyva.
 14000 | Lair:5   | Entered Level 5 of the Lair of Beasts
 14201 | Lair:5   | Received a gift from Okawaru
 14257 | Lair:5   | Reached XP level 14. HP: 46/133 MP: 19/19
 14351 | Lair:5   | Reached skill level 15 in Fighting
 14520 | Lair:5   | Found a radiant altar of Vehumet.
 14678 | Lair:5   | Reached skill level 16 in Fighting
 14874 | Lair:5   | Identified the +6 hand axe of Division {flame, rPois rF+
                  | rN+}
 15166 | Lair:5   | Received a gift from Okawaru
 15597 | D:12     | Found an iron altar of Okawaru.
 15770 | D:12     | Noticed Lodul
 15789 | D:12     | Killed Lodul
 15934 | D:12     | Noticed Erolcha
 15940 | D:12     | Killed Erolcha
 15940 | D:12     | Identified the +1 arbalest "Fisegu" {speed, rElec Str+2}
                  | (Okawaru gifted it to you on level 12 of the Dungeon)
 15940 | D:12     | Received a gift from Okawaru
 16043 | D:12     | Noticed Rupert
 16068 | D:12     | Killed Rupert
 16580 | D:13     | Found Dysegolun's Weapon Boutique.
 17011 | D:14     | Found Qeutuh's Changing Room.
 17028 | D:14     | Reached skill level 5 in Shapeshifting
 17103 | D:14     | Found a runed translucent gate.
 17103 | D:14     | Found a runed translucent gate.
 17103 | D:14     | Found a runed translucent gate.
 17103 | D:14     | Noticed jejorda2's ghost (journeyman GnBe)
 17105 | D:14     | Found a basalt altar of Yredelemnul.
 17118 | D:14     | Identified the +4 pair of boots of the Northern Lights
                  | {Will+ Str-2 Dex+2} (Okawaru gifted it to you on level 14
                  | of the Dungeon)
 17118 | D:14     | Received a gift from Okawaru
 17119 | D:14     | Reached XP level 15. HP: 139/144 MP: 20/20
 17126 | D:14     | Gained mutation: You are strong-willed. (Will+) [potion of
                  | mutation]
 17126 | D:14     | Gained mutation: Your muscles are strong. (Str +4, Int/Dex
                  | -1) [potion of mutation]
 17126 | D:14     | Gained mutation: Your large and strong wings let you fly.
                  | [potion of mutation]
 17216 | D:14     | Noticed Nessos
 17228 | D:14     | Killed Nessos
 17376 | D:14     | Found a gate to the Vaults.
 17553 | D:14     | Found a hazy altar of Hepliaklqana.
 17832 | D:14     | Identified the +6 scale mail "Som Xeuf" {rF- rN++ Int+6}
 18035 | D:14     | Killed jejorda2's ghost
 18129 | Orc:1    | Entered Level 1 of the Orcish Mines
 18305 | Orc:2    | Entered Level 2 of the Orcish Mines
 18325 | Orc:2    | Found a staircase to the Elven Halls.
 18759 | Orc:2    | Received a gift from Okawaru
 18847 | Orc:2    | Found Lohe's General Store.
 18847 | Orc:2    | Found Heprunat's Jewellery Emporium.
 18848 | Orc:2    | Found Neoblaraa's Assorted Antiques.
 18848 | Orc:2    | Found Guskopir's Weapon Boutique.
 19363 | Elf:1    | Entered Level 1 of the Elven Halls
 19377 | Elf:1    | Received a gift from Okawaru
 19379 | Elf:1    | Noticed Asterion
 19459 | Elf:1    | Killed Asterion
 19570 | Elf:1    | Noticed Jorgrun
 19589 | Elf:1    | Killed Jorgrun
 19675 | Elf:1    | Identified the scarf of Death's Door {shadows, rC+ Int+4
                  | Slay-3} (Okawaru gifted it to you on level 1 of the Elven
                  | Halls)
 19675 | Elf:1    | Received a gift from Okawaru
 19677 | Elf:1    | Reached XP level 16. HP: 152/152 MP: 21/21
 19740 | Elf:1    | Identified the +5 dagger "Alojompu" {drain, +Blink rF++
                  | Int+5}
 19796 | Elf:1    | Reached skill level 17 in Fighting
 20140 | Elf:1    | Reached skill level 18 in Fighting
 20146 | Elf:1    | Reached skill level 1 in Shields
 20167 | Elf:1    | Received a gift from Okawaru
 20511 | Elf:2    | Paralysed by an air elemental for 1 turns
 20665 | Elf:2    | Found a shimmering blue altar of Sif Muna.
 20678 | Elf:2    | Noticed an Executioner
 20680 | Elf:2    | Noticed an Executioner
 20785 | Elf:2    | Paralysed by an air elemental for 1 turns
 20788 | Elf:2    | Paralysed by an air elemental for 1 turns
 20807 | Elf:2    | Reached skill level 5 in Shields
 21085 | Elf:2    | Found a runed translucent gate.
 21085 | Elf:2    | Found a runed translucent gate.
 21085 | Elf:2    | Found a runed translucent gate.
 21176 | Elf:2    | Identified the +2 tower shield "Vimitodo" {Int+3 Dex+3}
                  | (Okawaru gifted it to you on level 2 of the Elven Halls)
 21176 | Elf:2    | Received a gift from Okawaru
 21361 | Elf:3    | Entered Level 3 of the Elven Halls
 21579 | Shoals:1 | Entered Level 1 of the Shoals
 21943 | Shoals:1 | Noticed a kraken
 21953 | Shoals:1 | Killed a kraken
 22014 | Shoals:1 | Noticed Kirke
 22024 | Shoals:1 | Killed Kirke
 22181 | Shoals:1 | Noticed Frances
 22191 | Shoals:1 | Reached XP level 17. HP: 163/163 MP: 22/22
 22217 | Shoals:1 | Identified the ring of the Stained God {rCorr Int+4}
 22231 | Shoals:1 | Reached skill level 10 in Shields
 22271 | Shoals:1 | Killed Frances
 22798 | Shoals:2 | Noticed Roxanne
 22826 | Shoals:2 | Killed Roxanne
 23344 | Shoals:3 | Identified the +2 hat of Time Monsters {rN+ Int+2} (Okawaru
                  | gifted it to you on level 3 of the Shoals)
 23344 | Shoals:3 | Received a gift from Okawaru
 24745 | Shoals:4 | Entered Level 4 of the Shoals
 24933 | Shoals:4 | Identified the +10 hand axe of the Spider {elec, +Blink
                  | Str+4}
 24999 | Shoals:4 | Noticed a titan
 25009 | Shoals:4 | Killed a titan
 25020 | Shoals:4 | Paralysed by an air elemental for 1 turns
 25075 | Shoals:4 | Got a barnacled rune of Zot
 25322 | Shoals:4 | Received a gift from Okawaru
 25355 | Shoals:4 | Reached skill level 15 in Shields
 25513 | Shoals:4 | Received a gift from Okawaru
 25586 | Shoals:4 | Reached XP level 18. HP: 172/172 MP: 23/23
 25635 | Shoals:4 | Paralysed by an air elemental for 1 turns
 26122 | Elf:3    | Identified the +0 pair of boots of the Eternal Void {rCorr}
                  | (Okawaru gifted it to you on level 3 of the Elven Halls)
 26122 | Elf:3    | Received a gift from Okawaru
 26231 | Elf:3    | Paralysed by an air elemental for 1 turns
 27016 | Elf:3    | Noticed an Ice Fiend
 27066 | Elf:3    | Noticed a Tzitzimitl
 27081 | Elf:3    | Identified the +1 hat of Amorality {rN+} (Okawaru gifted it
                  | to you on level 3 of the Elven Halls)
 27081 | Elf:3    | Received a gift from Okawaru
 27413 | Elf:3    | Identified the ring of Zumek {rF+ Will+}
 27415 | Elf:3    | Identified the +11 trident "Numm" {flame, +Blink rF+}
 27676 | Spider:1 | Entered Level 1 of the Spider Nest
 27759 | Lair:2   | Reached skill level 19 in Fighting
 27809 | Spider:1 | Found a transporter.
 27958 | Spider:1 | Noticed lmSkywalker's ghost (journeyman DrSh)
 27977 | Spider:1 | Found a transporter.
 28216 | Spider:1 | Paralysed by a hornet for 1 turns
 28354 | Spider:1 | Identified the +10 scale mail of Huodaesi {Contam Regen+
                  | rCorr Dex-3}
 28549 | Spider:2 | Reached skill level 20 in Fighting
 28562 | Spider:1 | Reached XP level 19. HP: 175/185 MP: 24/24
 28608 | Spider:2 | Received a gift from Okawaru
 28786 | Spider:2 | Noticed Arachne
 28812 | Spider:2 | Killed Arachne
 29024 | Spider:2 | Found a runed translucent gate.
 29024 | Spider:2 | Found a runed translucent gate.
 29029 | Spider:2 | Found a runed translucent gate.
 29032 | Spider:2 | Noticed ragingrage's ghost (journeyman TrSh)
 29042 | Spider:2 | Killed ragingrage's ghost
 29253 | Spider:2 | You are sucked into a shaft and drop 1 floor!
 29304 | Spider:3 | Reached skill level 10 in Throwing
 29458 | Spider:3 | Received a gift from Okawaru
 29578 | Spider:3 | Identified the +0 pair of gloves of Mezcal {Slay+4}
                  | (Okawaru gifted it to you on level 3 of the Spider Nest)
 29578 | Spider:3 | Received a gift from Okawaru
 29761 | Spider:4 | Entered Level 4 of the Spider Nest
 29876 | Spider:4 | Got the Almanac of the Oath
 30228 | Spider:4 | Noticed Aizul
 30244 | Spider:4 | Killed Aizul
 30837 | Spider:4 | Reached XP level 20. HP: 193/193 MP: 2/25
 30838 | Spider:4 | Reached XP level 21. HP: 201/201 MP: 2/27
 30846 | Spider:4 | Got a gossamer rune of Zot
 30848 | Spider:4 | Identified the +0 pair of boots of Slovenliness {Dex+4
                  | Slay+5}
 31112 | Vaults:1 | Entered Level 1 of the Vaults
 31475 | Vaults:1 | Reached skill level 10 in Dodging
 31531 | Vaults:1 | Received a gift from Okawaru
 32422 | Vaults:2 | Reached XP level 22. HP: 133/209 MP: 28/28
 32465 | Vaults:2 | Received a gift from Okawaru
 33079 | Vaults:2 | Identified the +12 short sword of the Endless Expanse
                  | {protect, rN+ Int-3 SInv} (Okawaru gifted it to you on
                  | level 2 of the Vaults)
 33079 | Vaults:2 | Received a gift from Okawaru
 33755 | Vaults:3 | Found a staircase to the Crypt.
 33935 | Vaults:3 | Found Lykaj's General Store.
 34008 | Vaults:3 | Identified the scarf "Cuothrar" {repulsion, rElec rN++}
                  | (Okawaru gifted it to you on level 3 of the Vaults)
 34008 | Vaults:3 | Received a gift from Okawaru
 35466 | Vaults:4 | Received a gift from Okawaru
 35577 | Vaults:4 | Reached XP level 23. HP: 217/217 MP: 29/29
 35615 | Vaults:4 | Noticed Xtahua
 35627 | Vaults:4 | Killed Xtahua
 35902 | Vaults:4 | Identified the +1 pair of gloves of the Morning {Str+2}
                  | (Okawaru gifted it to you on level 4 of the Vaults)
 35902 | Vaults:4 | Received a gift from Okawaru
 35983 | Vaults:4 | Noticed Jory
 36001 | Vaults:4 | Killed Jory
 36267 | D:15     | Entered Level 15 of the Dungeon
 36317 | D:15     | Found a staircase to the Depths.
 36398 | D:15     | Found a blossoming altar of Fedhas.
 36398 | D:15     | Noticed Azrael
 36405 | D:15     | Reached skill level 21 in Fighting
 36408 | D:15     | Killed Azrael
 36440 | D:15     | Noticed Josephine
 36452 | D:15     | Killed Josephine
 36594 | D:15     | Found an ornate altar of the Wu Jian Council.
 36816 | Depths:1 | Entered Level 1 of the Depths
 36857 | Depths:1 | Found a shimmering altar of Xom.
 36859 | Depths:1 | Found a shimmering altar of Xom.
 36859 | Depths:1 | Found a shimmering altar of Xom.
 36859 | Depths:1 | Found a shimmering altar of Xom.
 36861 | Depths:1 | Found a shimmering altar of Xom.
 37389 | Depths:1 | Found a gateway to Hell.
 37508 | Depths:2 | Found a one-way gate leading to the halls of Pandemonium.
 37755 | Depths:2 | Found a one-way gateway to a ziggurat.
 37972 | Depths:2 | Identified the +11 falchion of the Doomed Warrior {drain,
                  | rPois} (Okawaru gifted it to you on level 2 of the Depths)
 37972 | Depths:2 | Received a gift from Okawaru
 37993 | Depths:1 | Identified the +7 quarterstaff "Erompuro" {freeze, Int+3}
 38512 | Depths:2 | Reached skill level 10 in Evocations
 38692 | Depths:3 | Found Jogotoim's General Store.
 38696 | Depths:3 | Found a one-way gate to the infinite horrors of the Abyss.
 38724 | Depths:3 | Identified the +1 rapier "Foiraq" {elec, Dex+4}
 39064 | Depths:3 | Found a hazy altar of Hepliaklqana.
 39343 | Depths:3 | Received a gift from Okawaru
 39665 | Depths:4 | Entered Level 4 of the Depths
 39705 | Depths:4 | Reached XP level 24. HP: 225/228 MP: 29/29
 40118 | Depths:4 | Found a white marble altar of Elyvilon.
 40339 | Depths:4 | Acquired 454 gold pieces
 40341 | Depths:4 | Acquired a manual of Unarmed Combat
 40363 | Depths:4 | Found a gate to the Realm of Zot.
 40487 | Depths:4 | Noticed Sojobo
 40496 | Depths:4 | Paralysed by an air elemental for 1 turns
 40503 | Depths:4 | Killed Sojobo
 41177 | Vaults:5 | Entered Level 5 of the Vaults
 41178 | Vaults:5 | Noticed an ancient lich
 41240 | Vaults:5 | Killed an ancient lich
 41341 | Vaults:5 | Received a gift from Okawaru
 41345 | Vaults:5 | Reached skill level 10 in Shapeshifting
 41371 | Vaults:5 | Noticed a dread lich
 41390 | Vaults:5 | Killed a dread lich
 41390 | Vaults:5 | Received a gift from Okawaru
 41473 | Vaults:5 | Received a gift from Okawaru
 41576 | Vaults:5 | Identified the +3 dagger of Baomp {freeze, rN+}
 41593 | Vaults:5 | Identified the +1 cloak "Hapeqil" {rElec}
 41622 | Vaults:5 | Got the Compendium of Electrocution
 41741 | Vaults:5 | Got a silver rune of Zot
 41778 | Vaults:5 | Identified the +9 dire flail of Brutal Revenge {venom,
                  | Dex+2}
 41779 | Vaults:5 | Identified the +2 great mace of Disarray {distort, rPois
                  | rF+++ rC-}
 42040 | Vaults:5 | Identified the ring "Edapn" {Contam rElec rN+ AC+4}
 42078 | Vaults:5 | Paralysed by a floating eye for 2 turns
 42434 | Vaults:5 | Reached skill level 22 in Fighting
 42434 | Vaults:5 | Reached XP level 25. HP: 234/234 MP: 29/29
 42493 | Vaults:5 | Found Jodda's Antique Weapon Shoppe.
 42971 | Zot:1    | Entered Level 1 of the Realm of Zot
 43245 | Zot:1    | Received a gift from Okawaru
 43417 | Zot:1    | Reached skill level 23 in Fighting
 43747 | Zot:5    | Entered Level 5 of the Realm of Zot
 44043 | Zot:5    | Identified the +8 chain mail of Faixt {rCorr Str+3}
 44088 | Zot:5    | Reached skill level 24 in Fighting
 44324 | Zot:5    | Received a gift from Okawaru
 44800 | Zot:5    | Noticed a Killer Klown
 44809 | Zot:5    | Noticed a Killer Klown
 44921 | Zot:5    | Killed a Killer Klown
 44932 | Zot:5    | Killed a Killer Klown
 44978 | Zot:5    | Noticed an orb of fire
 44991 | Zot:5    | Killed an orb of fire
 45004 | Zot:5    | Noticed an orb of fire
 45011 | Zot:5    | Gained mutation: Your body sometimes deteriorates upon
                  | taking damage. [an orb of fire]
 45016 | Zot:5    | Killed an orb of fire
 45017 | Zot:5    | Reached skill level 25 in Fighting
 45271 | Zot:5    | Noticed an orb of fire
 45280 | Zot:5    | Noticed an orb of fire
 45288 | Zot:5    | Killed an orb of fire
 45294 | Zot:5    | Noticed a Killer Klown
 45301 | Zot:5    | Killed an orb of fire
 45307 | Zot:5    | Killed a Killer Klown
 45364 | Zot:5    | Noticed a dread lich
 45372 | Zot:5    | Killed a dread lich
 45415 | Zot:5    | Reached skill level 26 in Fighting
 45421 | Zot:5    | Received a gift from Okawaru
 45450 | Zot:5    | Got the Orb of Zot
 45691 | D:13     | Noticed Enenabee the pandemonium lord
 45698 | D:12     | Reached XP level 26. HP: 172/261 MP: 29/29
 45902 | D:$      | Escaped with the Orb!

Illustrated notes

Levels and vault maps discovered:
D:1:      lemuel_arrival_rhombus, layout_basic, chequers_mini_garden,
          chequers_serial_rivers_small_a, nicolae_the_louvre
D:2:      layout_rooms, minmay_hexomino_r4
D:3:      layout_rooms, mainiacjoe_overflow_chevrons,
          chequers_ecumenical_altar_simple, minmay_cut_off
D:4:      layout_basic, kennysheep_ying_yang, nicolae_qazlal_scattered_showers,
          kennysheep_mini_moat, minmay_temple_entry_tees, uniq_menkaure
D:5:      layout_loops_corners, amcnicky_altar_gilded
D:6:      layout_loops_ring, nicolae_dithmenos_through_a_glass_darkly,
          mainiacjoe_overflow_divided_tiny, nicolae_tso_carved_into_rock,
          dilly_guarded_unrand_throatcut, uniq_edmund
D:7:      layout_loops_ring, mainiacjoe_overflow_concentric_impassable,
          nicolae_overflow_hidden_temple, tgw_sif, nzn_ghost_randoct
D:8:      layout_basic, zin_scriptorium, minmay_ruffians, uniq_grum
D:9:      layout_roguey, centaur_isle
D:10:     layout_small_grid, makhleb_altar_promises_db, serial_bayou_pond_b
D:11:     layout_gridville, david_lair_generic, minmay_orc_entry_temple_small,
          grunt_ministairs_7, feat_on_display
D:12:     layout_basic, okawaru_metal_pillars_1_2, uniq_lodul, uniq_rupert,
          uniq_erolcha
D:13:     layout_long_grid, serial_shops, nicolae_shop_pleasant_corner_grove,
          kennysheep_generic_room_15
D:14:     layout_long_grid, grunt_vaults_entry_tiered,
          nicolae_hepliaklqana_hazy_memory, nicolae_transmutations_shop,
          nrook_mini_vaults, nicolae_yredelemnul_ghost_church, uniq_nessos
D:15:     hangedman_depths_entry_civil_slaughter, layout_cave_pools,
          fedhas_altar_fruit_tree, nicolae_wu_jian_glorious_leap,
          uniq_josephine, uniq_azrael
Lair:1:   layout_cave_pods, infiniplex_staircase_pool_2, lemuel_fruit_tree,
          uniq_joseph
Lair:2:   layout_chaotic_city, minmay_shoals_entry_lonely_mermaid,
          hellmonk_spider_entry_not_the_bees, grunt_megastairs_2
Lair:3:   layout_chaotic_city, roderic_batcave, infiniplex_staircase_pool,
          serial_bayou_shore_b
Lair:4:   pond_and_an_island_with_a_cottage, layout_cave_pods,
          nicolae_slime_entry_field_trip, chequers_serial_rivers_micro_b,
          nicolae_lair_yak_garden, grunt_megastairs_5
Lair:5:   minmay_lair_end_frog_pond, layout_regular_city,
          gauntlet_entry_generic, serial_bayou_pond_a, lemuel_oklob_altar,
          lemuel_fruit_fields
Shoals:1: layout_shoals, hangedman_shoal_volcano, uniq_frances, uniq_kirke
Shoals:2: layout_shoals, nicolae_shoals_drake_roost, uniq_roxanne
Shoals:3: layout_shoals
Shoals:4: shoals_end_hellmonk_storm_palace [storm_palace_center_ruins,
          storm_palace_corner_grid, storm_palace_corner_pillars,
          storm_palace_corner_pillars, storm_palace_corner_pillars]
Spider:1: spiders_nest_scorpion_pit, gammafunk_ghost_berserking_beasts
Spider:2: layout_spider_delve, ebering_ghost_rock_garden, uniq_arachne
Spider:3: nicolae_spider_mines_1
Spider:4: grunt_spider_rune_circles, uniq_aizul
Orc:1:    layout_diamond_mine, basic_altar
Orc:2:    st_orc_ogre_mass, layout_caves, minmay_orc_temple_b
Elf:1:    nicolae_elf_arrival_no_cutting_in_line, layout_loops_cross,
          minivault_28, eino_tiny_chamber, uniq_jorgrun, uniq_asterion
Elf:2:    nicolae_elf_blades_splatter_lattice [nicolae_blade_bullseye],
          layout_geoelf_octagon, basic_altar
Elf:3:    elf_hall, layout_geoelf_castle
Vaults:1: nicolae_vaults_loss_of_containment, v_misc_30,
          nicolae_vaults_tetromino_T_1, nicolae_vaults_trapezoid_2,
          nicolae_vaults_little_squares_3, vaults_dpeg_ring,
          ontoclasm_vaults_gateway, nicolae_vaults_trapezoid_lopsided_3,
          layout_vaults_omnigrid
Vaults:2: nicolae_vaults_sesquioval_fish, hangedman_vaults_stream,
          vaults_standard_mumra_lines, grunt_vaults_hallway_long,
          nicolae_vaults_closet_pinwheel_6, nicolae_vaults_tetromino_L_1,
          v_rooms_2, v_alt_pattern_1, nicolae_vaults_ellipses_ellipsis,
          nicolae_vaults_enemy_cabinets, nicolae_vaults_lightning_bolt,
          nicolae_vaults_big_angled_halls, vaults_room_ringed_pool,
          ontoclasm_vaults_pinch, v_misc_23,
          nicolae_vaults_trapezoid_lopsided_3, nicolae_vaults_diamond_1,
          v_misc_25, layout_vaults_omnibox
Vaults:3: v_misc_10, nicolae_vaults_lopsided_apartments,
          nicolae_vaults_offset_grid_hallway_3, nicolae_vaults_wine_cellar,
          ontoclasm_vaults_twist, minmay_crypt_entry_skeletal_spiral,
          nicolae_vaults_weapon_check, nicolae_vaults_surprise_closet,
          nicolae_vaults_double_plus_2, nicolae_vaults_what_the_h,
          nicolae_vaults_mini_display_case, layout_vaults_ring, serial_shops,
          shop
Vaults:4: nicolae_vaults_arrows, grunt_vaults_funnel, ontoclasm_vaults_idyll,
          v_misc_1, nicolae_vaults_spaceships, ontoclasm_vaults_shuriken,
          dpeg_vaults_monster_box, hangedman_vaults_trim,
          nicolae_vaults_gold_heap, layout_vaults_omnicross, uniq_xtahua,
          uniq_jory
Vaults:5
Depths:1: layout_roguey, pf_coc_iceberg, hex_medium, xom_redecorated,
          firewood_loft
Depths:2: nzn_winding_woodlands_cross [nzn_winding_woodlands_5x15_split_checker,
          nzn_winding_woodlands_5x15_longhouse,
          nzn_winding_woodlands_5x15_crooked, nzn_winding_woodlands_5x15_pool,
          nzn_winding_woodlands_15x15_killbox], layout_honeycomb,
          enter_ziggurat_b, kennysheep_doodads, hell_entry,
          rand_demon_pan_entry_3
Depths:3: kennysheep_scales, layout_cave_pools, lemuel_tele_altar, abyss_entry,
          grunt_mini_vestibule, serial_shops, shop
Depths:4: grunt_zot_entry_bicorn, layout_gridlike, elyvilon_altar_4, hell_entry,
          uniq_josephina, uniq_sojobo
Zot:1:    kennysheep_oblong_rooms, layout_misc_corridors,
          ebering_ghost_reflecting_pool
Zot:2:    layout_gridlike
Zot:3:    layout_cellular_growth, ebering_ghost_disaster_area
Zot:4:    layout_gridlike, lemuel_golem_globe, uniq_parghit
Zot:5:    layout_onion, st_stairs_7, nicolae_lava_and_water

Skill      XL: |  1  2  3  4  5  6  7  8  9 10 11 12 13 14 15 16 17 18 19 20 21 22 23 24 25 |
---------------+----------------------------------------------------------------------------+-----
Unarmed Combat | 3 4 5 6 8 10 12 14 16 18 20 22 23 | 23.6
Invocations    | 2 4 7 8 |  8.8
Fighting       | 3 4 6 8 10 14 16 18 20 21 22 26 | 26.2
Throwing       | 4 6 8 10 14 | 14.0
Dodging        | 2 5 8 9 10 12 13 | 13.1
Evocations     | 6 10 | 10.0
Shapeshifting  | 5 9 12 | 12.0
Shields        | 9 15 17 18 | 18.3

Action                     |  1- 3 |  4- 6 |  7- 9 | 10-12 | 13-15 | 16-18 | 19-21 | 22-24 | 25-27 || total
---------------------------+-------+-------+-------+-------+-------+-------+-------+-------+-------++-------
  Melee: Unarmed           |    99 |   156 |   397 |   786 |  1217 |  1344 |   625 |  2024 |   507 ||  7155
         Punch             |     4 |     2 |       |       |       |       |       |       |       ||     6
         Tailslap          |    13 |    24 |    49 |   142 |   196 |   244 |   157 |   579 |   135 ||  1539
         Maw               |       |       |       |       |    77 |   361 |   177 |   598 |   143 ||  1356
  Throw: Dart              |       |       |       |    50 |    13 |    17 |    13 |    10 |     3 ||   106
         Boomerang         |       |       |       |       |    16 |     9 |       |     1 |    82 ||   108
         Javelin           |       |       |       |       |       |    19 |     1 |     8 |    19 ||    47
 Invoke: Heroism           |       |     1 |     2 |     1 |     4 |     5 |     3 |     6 |     3 ||    25
         Finesse           |       |       |       |       |       |     1 |       |     1 |     2 ||     4
  Evoke: Wand              |       |       |       |     1 |     7 |       |       |     4 |       ||    12
         Tin of tremorston |       |       |       |       |       |     2 |       |     4 |       ||     6
    Use: Scroll            |       |       |    12 |    12 |     7 |     3 |     2 |     3 |     3 ||    42
         Potion            |       |       |       |       |     2 |     1 |     3 |     2 |     1 ||     9
   Stab: Sleeping          |     2 |       |       |     4 |     7 |    11 |     3 |    16 |     2 ||    45
         Paralysed         |       |       |       |       |     6 |       |       |       |       ||     6
         Distracted        |       |       |       |       |       |     2 |     3 |     2 |     1 ||     8
         Invisible         |       |       |       |       |       |       |       |     4 |       ||     4
 Armour: Skin              |    27 |    42 |   114 |   395 |   447 |   485 |   259 |   386 |   107 ||  2262
  Dodge: Dodged            |    47 |    58 |   142 |   528 |   674 |   580 |   251 |   683 |   188 ||  3151
  Block: Buckler           |       |     9 |    57 |   175 |   187 |    25 |       |       |       ||   453
         Kite shield       |       |       |       |       |       |   118 |       |       |       ||   118
         Tower shield      |       |       |       |       |       |   913 |   692 |  1664 |   416 ||  3685
         Form:             |       |       |       |     1 |     1 |       |       |       |       ||     2
         Maw               |       |       |       |       |     2 |       |       |       |       ||     2

Table legend: (Time is in decaauts)
 A = Elapsed time spent in this place.
 B = Non-inter-level travel time spent in this place.
 C = Inter-level travel time spent in this place.
 D = Time resting spent in this place.
 E = Time spent auto-exploring this place.
 F = Levels seen in this place.
 G = Mean time per level.
                   A        B        C        D        E       F      G
               +--------+--------+--------+--------+--------+-----+--------+
         Total |  43975 |  40571 |   3404 |   5009 |  22152 |  47 |  935.6 |
       Dungeon |  13179 |  11828 |   1351 |   1280 |   7384 |  15 |  878.6 |
          Lair |   5867 |   5448 |    419 |    567 |   3084 |   5 | 1173.4 |
        Shoals |   4282 |   4017 |    265 |    617 |   2055 |   4 | 1070.5 |
   Spider Nest |   3019 |   2886 |    133 |    300 |   1371 |   4 |  754.8 |
  Orcish Mines |   1248 |   1137 |    111 |     90 |    606 |   2 |  624.0 |
   Elven Halls |   3495 |   3049 |    446 |    434 |   1375 |   3 | 1165.0 |
        Vaults |   6349 |   6043 |    306 |    278 |   3812 |   5 | 1269.8 |
        Depths |   4349 |   4072 |    277 |    741 |   2173 |   4 | 1087.2 |
           Zot |   2183 |   2091 |     92 |    700 |    292 |   5 |  436.6 |
               +--------+--------+--------+--------+--------+-----+--------+

Top non-repeatable levels by time:
Vaults:4: 1578 daAuts
Depths:4: 1502 daAuts
   Elf:3: 1458 daAuts
  Lair:5: 1393 daAuts
Vaults:5: 1372 daAuts
   Elf:1: 1362 daAuts
  Lair:2: 1347 daAuts
   Zot:5: 1335 daAuts
     D:6: 1301 daAuts
     D:8: 1200 daAuts
Vaults:2: 1196 daAuts
    D:11: 1180 daAuts
    D:14: 1179 daAuts
Vaults:1: 1133 daAuts
Shoals:3: 1122 daAuts
